Map: Altitude LE

Players

A.I. 1 (Very Easy)

  • Race: Zerg Zerg
  • Spawn Location: 1:00

TrustyShacky - Winner!

  • Race: Terran Terran
  • League: Platinum
  • Spawn Location: 7:00

VOD

Have the link to the VOD?

Description

Time

  • Played on: Feb. 2, 2023, 11:53 p.m.
  • Length: 11:25
Show
View Real Time Build Order
Export as new Build Order

A.I. 1 (Very Easy) Zerg 

Build Orders: Pool First 

Get SALT Encoding   

  12  0:01  Drone  
  13  0:12  Overlord  
  13  0:17  Drone  
  14  0:35  Spawning Pool  
  14  0:37  Extractor  
  14  0:39  Drone  
  13  0:46  Drone  
  14  0:52  Overlord  
  14  1:23  Queen, Zergling x2  
  17  1:32  Roach Warren  
  16  1:35  Drone  
  16  1:38  Extractor  
  16  1:41  Zergling x2  
  16  1:43  Drone  
  18  1:56  Drone  
  18  1:59  Zergling x2  
  20  2:07  Drone  
  21  2:18  Drone  
  22  2:29  Drone  
  23  2:30  Overlord  
  23  2:36  Drone  
  24  2:43  Drone  
  25  5:43  Lair, Drone  
  26  5:50  Drone  
  27  5:57  Drone  
  28  6:04  Drone  
  28  6:06  Overlord  
  29  6:12  Drone  
  30  6:19  Drone  
  31  6:26  Zergling x2  
  29  6:40  Overseer  
  29  6:44  Overseer  
  29  6:46  Spire  
  28  6:47  Drone  
  28  6:49  Zergling x2  
  30  7:12  Zergling x2  
  31  7:24  Hatchery  
  30  7:36  Overlord, Overseer  
  30  7:59  Mutalisk  
  32  8:37  Drone  
  33  8:44  Drone  
  34  8:49  Extractor  
  34  8:51  Drone  
  34  8:54  Extractor  
  33  8:59  Drone  
  34  9:06  Drone  
  35  9:13  Drone  
  36  9:20  Drone  
  37  9:27  Drone  
  38  9:34  Drone  
  39  9:42  Drone  
  39  9:45  Overlord, Overseer  
  40  9:49  Drone  
  41  9:56  Drone  
  42  10:03  Drone  
  43  10:11  Drone  
  44  10:17  Overlord, Zergling x2  
  44  10:18  Drone  
  41  10:25  Drone  
  31  10:32  Drone  
  26  10:37  Mutalisk  
  26  10:38  Overlord  
  26  10:39  Overlord  
  26  10:40  Drone  
  26  10:41  Overseer  
  29  10:47  Drone  
  29  10:54  Drone  
  30  10:57  Zergling x2  
  30  11:01  Drone  
Show
View Real Time Build Order
Export as new Build Order

TrustyShacky Terran - Winner!

Build Orders: Mech 

Get SALT Encoding   

  12  0:00  SCV  
  13  0:12  SCV  
  14  0:17  Supply Depot  
  14  0:25  SCV  
  15  0:39  SCV  
  15  0:40  Barracks  
  16  0:44  Refinery  
  16  0:51  SCV  
  17  1:03  SCV  
  18  1:15  SCV  
  19  1:27  Marine  
  19  1:28  Orbital Command  
  20  1:43  Command Center  
  20  1:47  Marine  
  20  1:53  SCV  
  21  1:58  Supply Depot  
  21  2:08  SCV  
  22  2:12  Factory  
  22  2:19  Barracks Reactor  
  22  2:20  SCV  
  23  2:23  Refinery  
  23  2:32  SCV  
  24  2:44  SCV  
  25  2:56  SCV  
  26  2:58  Orbital Command  
  26  2:59  Starport  
  26  3:03  Hellion  
  26  3:04  Hellion  
  30  3:08  SCV  
  30  3:10  Supply Depot  
  31  3:20  SCV  
  31  3:24  SCV  
  35  3:27  Hellion  
  35  3:29  Hellion  
  35  3:32  SCV  
  38  3:35  Viking  
  38  3:36  SCV  
  41  3:42  Fusion Core  
  41  3:45  SCV  
  41  3:48  SCV  
  43  3:50  Supply Depot  
  43  3:57  SCV  
  43  4:00  SCV, Hellion  
  43  4:02  Hellion  
  49  4:05  Starport Tech Lab  
  49  4:09  SCV  
  50  4:12  SCV  
  50  4:13  Supply Depot  
  51  4:21  SCV  
  52  4:24  SCV  
  53  4:33  SCV  
  53  4:36  Battlecruiser, SCV  
  61  4:39  Supply Depot, Hellion  
  61  4:41  Hellion  
  65  4:45  SCV  
  65  4:48  SCV  
  67  4:57  Command Center  
  67  4:58  SCV  
  68  5:00  SCV  
  68  5:05  Refinery  
  68  5:06  Refinery  
  69  5:08  Supply Depot  
  69  5:10  SCV  
  69  5:13  SCV  
  71  5:15  Supply Depot  
  71  5:21  Armory  
  71  5:22  SCV  
  71  5:25  SCV  
  73  5:30  Factory  
  73  5:34  Factory Tech Lab  
  73  5:36  Factory, Supply Depot  
  73  5:37  SCV x2  
  75  5:49  SCV x2  
  77  5:52  Barracks Reactor  
  77  6:01  SCV x2  
  77  6:02  Supply Depot  
  77  6:03  Siege Tank  
  77  6:04  Starport Tech Lab, Supply Depot  
  82  6:08  Barracks Reactor  
  82  6:11  Refinery  
  82  6:13  SCV x2  
  82  6:14  Refinery  
  86  6:26  SCV x2, Hellion x2  
  86  6:29  Orbital Command  
  95  6:32  Battlecruiser  
  95  6:37  Supply Depot  
  95  6:38  SCV x2  
  97  6:40  Supply Depot  
  100  6:47  Siege Tank  
  100  6:48  Siege Tank  
  100  6:50  SCV x2  
  105  6:57  Factory  
  105  7:00  Factory, SCV  
  106  7:02  SCV x2  
  108  7:10  Hellion x2  
  108  7:12  SCV  
  108  7:15  Engineering Bay  
  113  7:16  Armory  
  113  7:21  Siege Tank x2  
  119  7:23  SCV  
  120  7:34  Barracks Tech Lab  
  120  7:45  Hellion x2  
  120  7:46  Thor  
  120  7:47  Starport Tech Lab  
  120  7:49  Hellion x2  
  134  7:57  Siege Tank, Command Center  
  134  7:58  Siege Tank, Sensor Tower, Missile Turret  
  140  7:59  Missile Turret  
  140  8:00  Supply Depot  
  140  8:04  Supply Depot  
  140  8:09  Hellion x2  
  140  8:10  Terran Vehicle And Ship Armor Level 1  
  144  8:12  Terran Vehicle Weapons Level 1  
  144  8:14  Hellion  
  144  8:15  Hellion  
  144  8:17  Supply Depot  
  148  8:25  Infernal Pre-Igniter  
  148  8:29  Thor  
  157  8:34  Siege Tank  
  157  8:35  Supply Depot, Hellion  
  157  8:36  Hellion x2  
  157  8:37  Supply Depot  
  163  8:44  Thor  
  163  8:46  Hellion  
  171  8:51  Missile Turret  
  171  8:53  Missile Turret  
  171  8:57  Hellion x3  
  177  9:03  Supply Depot  
  177  9:04  Supply Depot  
  177  9:07  Battlecruiser  
  177  9:09  Supply Depot  
  183  9:18  Thor  
  183  9:19  Hellion x3  
  183  9:21  Hellion  
  197  9:37  Siege Tank  
  200  9:38  Planetary Fortress  
  200  9:39  Missile Turret x2  
  200  9:41  Sensor Tower  
  200  9:43  Refinery  
  200  9:47  Refinery  
  200  10:02  Smart Servos  
Tags
 
Composition
Mech
League
Platinum
Matchup
TvZ
Opening
Pool First
Spawn Locations
Cross Positions
Add a new tag
Caveats
  • Supply blocks, unpowered buildings, or Contaminate may cause inaccurate times.
  • Supply counts are checked every 10 seconds.